 Dungeon Crawl Stone Soup version 0.25-a0-167-g836c352ace (webtiles) character file.

Game seed: 4535242551590376998, levelgen mode: deterministic

351 1player the Chucker (level 6, 41/41 HPs)
             Began as a Human Wanderer on Nov 25, 2019.
             Quit the game on level 3 of the Dungeon.
             The game lasted 00:16:50 (5065 turns).

1player the Chucker (Human Wanderer)                Turns: 5065, Time: 00:16:51

Health: 41/41      AC:  8    Str: 14    XL:     6   Next: 93%
Magic:  6/6        EV: 12    Int:  9    God:
Gold:   175        SH:  0    Dex: 16    Spells: 5/5 levels left

rFire    . . .     SeeInvis .   a - +0 dagger
rCold    . . .     Gourm    .   (no shield)
rNeg     . . .     Faith    .   d - +3 leather armour
rPois    .         Spirit   .   (no helmet)
rElec    .         Reflect  .   B - +0 cloak
rCorr    .         Harm     .   o - +0 pair of gloves
MR       .....                  (no boots)
Stlth    ++........             (no amulet)
HPRegen  0.13/turn              (no ring)
MPRegen  0.10/turn              (no ring)

@: no status effects
A: no striking features
a: no special abilities


You were on level 3 of the Dungeon.
You were not hungry.

You visited 1 branch of the dungeon, and saw 4 of its levels.

You collected 175 gold pieces.

Inventory:

Hand Weapons
 a - a +0 dagger (weapon)
 p - a +0 hunting sling
Missiles
 j - 137 stones
 r - 12 poisoned darts (quivered)
 s - 30 sling bullets
 v - 4 boomerangs
Armour
 d - a +3 leather armour (worn)
 o - a +0 pair of gloves (worn)
 y - a +2 ring mail of poison resistance
 B - a +0 cloak (worn)
Jewellery
 q - a +4 ring of intelligence {unknown}
Wands
 C - a wand of polymorph (10)
Scrolls
 b - 3 scrolls of teleportation
 A - a scroll of fear
 D - a scroll of random uselessness {unknown}
 F - a scroll of remove curse {unknown}
Potions
 c - 2 potions of curing {@q1}
 k - a potion of flight {unknown}
 n - a potion of haste {unknown}
 u - a potion of berserk rage {unknown}
Comestibles
 e - a ration {!d}
 G - a chunk of flesh


   Skills:
   Level 4.0 Long Blades
   Level 1.0 Staves
 + Level 6.4 Throwing
 + Level 2.2 Dodging
 + Level 1.3 Stealth
 - Level 1.0 Evocations


You had 5 spell levels left.
You didn't know any spells.
Your spell library was empty.

Dungeon Overview and Level Annotations

Branches:
Dungeon (4/15)
 Temple: D:4-7

Altars:
Ashenzari
Vehumet

Annotations:
D:2 Terence
D:3 Grinder


Message History

a +0 flail; a +0 chain mail; a +0 flail; an orc skeleton x2
Found a shattered altar of Ashenzari.
The frilled lizard hisses angrily.
There is a shattered altar of Ashenzari here.
You hit the frilled lizard but do no damage.
You hit the frilled lizard.
You kill the frilled lizard!
You see here a frilled lizard corpse.
You butcher the frilled lizard corpse.
G - a chunk of flesh You see here a frilled lizard skeleton.
There is a shattered altar of Ashenzari here.
You kneel at the altar of Ashenzari.
Unknown command.
Press < or > to pray at altars.
Saving game... please wait.
Level annotation: Grinder Welcome back, 1player the Human Wanderer.
Press ? for a list of commands and other information.
Are you sure you want to abandon this character and quit the game? (Confirm with "yes".)

......## ########### #
###.#..# #.......... #
#.##.## ####.####..... #
#.##..###...........#
###.##......####.####.#
............##.....##
....#.......#.......#
#######..##.#.......#.#
#...............@.....#
#.....#.....#...รท...#.#
...##.#.#.#.#.......#.#
....#.......##.....## #
....###o#...####.###
.....#............
.....#............
####.#<...........
...#.#.####.######.


There were no monsters in sight!

Vanquished Creatures
  Sigmund (D:2)
  An orc priest (D:3)
  Ijyb (D:3)
  2 worker ants
  4 adders
  3 worms
  3 orcs
  A giant cockroach (D:1)
  4 goblins
  9 hobgoblins
  2 quokkas
  2 ball pythons
  6 bats
  5 frilled lizards
  4 kobolds
  3 rats (D:1)
51 creatures vanquished.

Notes
Turn   | Place    | Note
-------+----------+-------------------------------------------
     0 | D:1      | 1player the Human Wanderer began the quest for the Orb.
     0 | D:1      | 1player set off with the following items: a +0 dagger, a
                  | scroll of teleportation, a potion of curing {@q1}, a +2
                  | leather armour, a ration {!d}
     0 | D:1      | Reached XP level 1. HP: 13/13 MP: 1/1
   181 | D:1      | Reached XP level 2. HP: 8/19 MP: 2/2
   278 | D:1      | Reached skill level 2 in Throwing
  1421 | D:2      | Noticed Sigmund
  1486 | D:2      | Reached XP level 3. HP: 23/24 MP: 3/3
  1729 | D:2      | You fall into a shaft and drop 2 floors!
  1791 | D:4      | Noticed a scorpion
  1854 | D:4      | Reached skill level 3 in Throwing
  2125 | D:4      | Reached XP level 4. HP: 20/30 MP: 4/4
  2521 | D:3      | Reached skill level 4 in Throwing
  2934 | D:2      | Reached XP level 5. HP: 35/35 MP: 5/5
  3143 | D:2      | Noticed Terence
  3623 | D:3      | Noticed Ijyb
  3639 | D:3      | Killed Ijyb
  3745 | D:3      | Found a radiant altar of Vehumet.
  3883 | D:3      | Reached skill level 5 in Throwing
  4083 | D:2      | Killed Sigmund
  4083 | D:2      | Reached skill level 6 in Throwing
  4083 | D:2      | Reached XP level 6. HP: 15/41 MP: 6/6
  4283 | D:3      | Noticed Grinder
  5049 | D:3      | Found a shattered altar of Ashenzari.
  5065 | D:3      | Quit the game

Levels and vault maps discovered:
D:1:      scummos_arrival_star, layout_rooms
D:2:      layout_rooms, corexii_hall_statues_i, uniq_terence, uniq_sigmund
D:3:      layout_basic, fiery_altar_vehumet, old_standard_altar,
          overflow_temple_1_default, uniq_grinder, uniq_ijyb
D:4:      layout_gridville, kennysheep_path_1, nicolae_underground_beach,
          uniq_blork_the_orc, uniq_eustachio, uniq_duvessa

Skill      XL: |  1  2  3  4  5 |
---------------+----------------+-----
Throwing       | 2 3 4 6 |  6.4
Long Blades    | |  4.0
Staves         | |  1.0
Dodging        | |  2.2
Stealth        | |  1.3
Evocations     | |  1.0

Action                   |  1- 3 |  4- 6 || total
-------------------------+-------+-------++-------
Melee: Dagger            |   125 |   206 ||   331
       Unarmed           |       |     8 ||     8
Throw: Stone             |    26 |       ||    26
       Dart              |     2 |    42 ||    44
  Use: Scroll            |       |     4 ||     4
 Stab: Sleeping          |       |     2 ||     2
  Eat: Chunk             |     3 |     4 ||     7
       Ration            |       |     2 ||     2
Armor: Leather armour    |    21 |    79 ||   100
Dodge: Dodged            |    72 |   134 ||   206

Table legend:
 A = Non-vault XP
 B = Vault XP
 C = Vault XP percentage of total XP
 D = Non-vault monster count
 E = Vault monster count
 F = Vault count percentage of total count
                 A         B        C        D         E       F
            +---------+---------+-------+---------+---------+-------
      Total |     240 |     262 |  52.2 |      49 |       2 |   3.9
            +---------+---------+-------+---------+---------+-------
        D:1 |      22 |       0 |   0.0 |      15 |       0 |   0.0
        D:2 |      50 |     227 |  81.9 |      14 |       1 |   6.7
        D:3 |     127 |      35 |  21.6 |      16 |       1 |   5.9
        D:4 |      41 |       0 |   0.0 |       4 |       0 |   0.0
            +---------+---------+-------+---------+---------+-------
